[Event "EIRCC 2019"]
[Site "Tallinn"]
[Date "2019.12.06"]
[Round "11.17"]
[White "Kanep, Meelis"]
[Black "Nasibullin, Iskander"]
[Result "1-0"]
[ECO "A45"]
[WhiteElo "2466"]
[BlackElo "2270"]
[Annotator "ChessBase"]
[PlyCount "69"]
[EventDate "2019.12.05"]
[EventType "swiss"]
[EventCountry "EST"]
[SourceTitle "playchess.com"]
[Source "ChessBase"]
[SourceQuality "1"]
[TimeControl "900+10"]

1. d4 Nf6 2. Bg5 e6 3. e4 h6 4. Bxf6 Qxf6 5. c3 c5 6. Nf3 cxd4 7. cxd4 d5 8. e5 Qd8 9. Nc3 Nc6 10. Bd3 a6 11. O-O Na5 12. Rc1 Bd7 13. Na4 Nc4 14. Bxc4 dxc4 15. Nc3 Bb4 16. Qe2 Rc8 17. Rfd1 Bxc3 18. Rxc3 Bc6 19. Nd2 b5 20. Ne4 Bxe4 21. Qxe4 Qd5 22. Qf4 b4 23. Rg3 Rg8 24. h4 Rc7 25. a3 c3 26. bxc3 bxc3 27. Rc1 c2 28. Rf3 g5 29. hxg5 Rxg5 30. Rxc2 Rxc2 31. Qxf7+ Kd8 32. Qf8+ Kc7 33. Rf7+ Kc6 34. Qe8+ Kb6 35. Qb8+ 1-0

[Event "EIRCC 2019"]
[Site "Tallinn"]
[Date "2019.12.06"]
[Round "11.19"]
[White "Chibukhchyan, Erik"]
[Black "Pohjala, Henri"]
[Result "0-1"]
[ECO "B01"]
[WhiteElo "2211"]
[BlackElo "2418"]
[Annotator "NA"]
[PlyCount "94"]
[EventDate "2019.12.05"]
[EventType "swiss"]
[EventCountry "EST"]
[SourceTitle "playchess.com"]
[Source "ChessBase"]
[SourceQuality "1"]
[TimeControl "900+10"]

1. e4 d5 2. exd5 Qxd5 3. Nf3 Nf6 4. d4 Bg4 5. Be2 e6 6. O-O Nc6 7. Be3 Rd8 8. Nbd2 Be7 9. c4 Qd7 10. Qb3 O-O 11. h3 Bh5 12. Rfd1 Qc8 13. Rac1 Rfe8 14. Nb1 a6 15. Nc3 h6 16. d5 exd5 17. cxd5 Nb8 18. a4 Bd6 19. a5 Nbd7 20. Na4 Ne5 21. Nd4 Bxe2 22. Nxe2 Ne4 23. Nd4 Qd7 24. Qc2 Bf8 25. Ne2 Nf6 26. Nec3 Nc4 27. Bd4 Be7 28. b4 Na3 29. Qb3 Nb5 30. Bxf6 Bxf6 31. Nc5 Qc8 32. Nxb5 axb5 33. Qf3 Be7 34. Rd3 Qa8 35. d6 Rxd6 36. Rxd6 Bxd6 37. Nxb7 Bxb4 38. Rxc7 Re1+ 39. Kh2 Re7 40. Rxe7 Bxe7 41. Qc6 b4 42. a6 Qa7 43. Qe8+ Bf8 44. Qe2 b3 45. Na5 Qc7+ 46. g3 Qxa5 47. Qc4 b2 0-1

[Event "EIRCC 2019"]
[Site "Tallinn"]
[Date "2019.12.06"]
[Round "11.22"]
[White "Sanz Wawer, Daniel"]
[Black "Dragnev, Valentin"]
[Result "1/2-1/2"]
[ECO "D35"]
[WhiteElo "2103"]
[BlackElo "2380"]
[Annotator "RC"]
[PlyCount "212"]
[EventDate "2019.12.05"]
[EventType "swiss"]
[EventCountry "EST"]
[SourceTitle "playchess.com"]
[Source "ChessBase"]
[SourceQuality "1"]
[TimeControl "900+10"]

1. d4 Nf6 2. c4 e6 3. Nc3 d5 4. Bf4 c5 5. e3 cxd4 6. exd4 Nc6 7. Nf3 Be7 8. Bd3 dxc4 9. Bxc4 O-O 10. O-O b6 11. Bb3 Na5 12. Bc2 Bb7 13. Ne5 Rc8 14. a3 Nc6 15. Nf3 Nd5 16. Nxd5 Qxd5 17. Qd3 Qh5 18. Rac1 Rfd8 19. Rfd1 Bf6 20. Qe3 Nxd4 21. Be4 Bxe4 22. Rxc8 Rxc8 23. Qxe4 Nxf3+ 24. gxf3 Qg6+ 25. Qxg6 hxg6 26. Rd7 Bxb2 27. Rxa7 Rc3 28. a4 Rb3 29. Be3 Bc3 30. Ra8+ Kh7 31. Rc8 Ba5 32. Rc4 f6 33. f4 Ra3 34. Re4 Kg8 35. Rxe6 Rxa4 36. Bxb6 Bxb6 37. Rxb6 Rxf4 38. Kg2 g5 39. Rb7 Kh7 40. h3 g4 41. hxg4 Rxg4+ 42. Kf3 Ra4 43. Rc7 Kg6 44. Rb7 Ra3+ 45. Kg2 Rc3 46. Ra7 Kh6 47. Rb7 g6 48. Ra7 Kg5 49. Ra6 Rb3 50. Rc6 f5 51. Rd6 Kh5 52. Rf6 Ra3 53. Kh2 Ra5 54. Kg2 g5 55. Rf8 Kg4 56. Rf7 Ra3 57. Rb7 Kh4 58. Rh7+ Kg4 59. Rb7 Ra4 60. Rb3 f4 61. Rc3 Rb4 62. Ra3 Rc4 63. Rb3 Rc2 64. Ra3 Re2 65. Rb3 Kf5 66. Rb5+ Re5 67. Rb8 Re2 68. Kf3 Re6 69. Rf8+ Rf6 70. Rg8 Rf7 71. Kg2 g4 72. Ra8 Kg5 73. Rg8+ Kf5 74. Ra8 Rf6 75. Rb8 Kg5 76. Rc8 Rf5 77. Rh8 Rd5 78. Rh7 Rd2 79. Kg1 Rd1+ 80. Kh2 Rd2 81. Kg1 Kf5 82. Rg7 f3 83. Rf7+ Kg6 84. Rf8 Rc2 85. Rf4 Kg5 86. Rf8 Rc6 87. Kh2 Rh6+ 88. Kg1 Rh5 89. Rg8+ Kh4 90. Kh2 Rh7 91. Rg6 Re7 92. Rg8 Re6 93. Rg7 Rd6 94. Rg8 Rd1 95. Rh8+ Kg5 96. Rg8+ Kf5 97. Rf8+ Ke4 98. Rg8 Kd3 99. Re8 Rf1 100. Kg3 Rg1+ 101. Kf4 Rg2 102. Re7 Rxf2 103. Kxg4 Re2 104. Rf7 f2 105. Kg3 Ke3 106. Rf3+ Ke4 1/2-1/2

[Event "EIRCC 2019"]
[Site "Tallinn"]
[Date "2019.12.06"]
[Round "11.23"]
[White "Krutti, Valer"]
[Black "Kozak, Adam"]
[Result "0-1"]
[ECO "E10"]
[WhiteElo "2370"]
[BlackElo "2240"]
[Annotator "RC"]
[PlyCount "132"]
[EventDate "2019.12.05"]
[EventType "swiss"]
[EventCountry "EST"]
[SourceTitle "playchess.com"]
[Source "ChessBase"]
[SourceQuality "1"]
[TimeControl "900+10"]

1. d4 Nf6 2. c4 e6 3. Nf3 d5 4. g3 Bb4+ 5. Bd2 Be7 6. Bg2 O-O 7. O-O c6 8. Qc2 Nbd7 9. Rd1 b6 10. b3 Ba6 11. a4 c5 12. a5 Rc8 13. axb6 Qxb6 14. Ba5 Qb8 15. Nbd2 cxd4 16. Nxd4 Bc5 17. e3 Bb7 18. Bc3 dxc4 19. Nxc4 Bxg2 20. Kxg2 Qb7+ 21. Kg1 Nd5 22. Bb2 N7f6 23. Ba3 Nb4 24. Bxb4 Bxb4 25. Ne2 Bc5 26. Nc3 h5 27. Rab1 Qf3 28. Ne5 Qb7 29. Nc4 Bb4 30. Ne2 Ne4 31. h4 Nf6 32. Nf4 Qb5 33. Qd3 Rb8 34. Qd4 a5 35. Kg2 Qc6+ 36. f3 Bc5 37. Qd3 Qc7 38. e4 Rfd8 39. Qc2 Bd4 40. Ne2 Bc5 41. Rxd8+ Rxd8 42. Rd1 Rb8 43. Nf4 Bf8 44. Qc3 Rb5 45. Ra1 Qb8 46. Qc2 Rxb3 47. Rxa5 Rb4 48. Ra4 Rb1 49. Ne2 Nd7 50. Ra2 Rb4 51. Nd2 Ne5 52. Nf4 g6 53. Nd3 Nxd3 54. Qxd3 Bd6 55. Nf1 Rb3 56. Qd2 Be5 57. Qe2 Bd4 58. Rd2 e5 59. Ra2 Rb1 60. Qc2 Kg7 61. Qe2 Rc1 62. g4 Qb1 63. Rd2 Re1 64. Qd3 Qxd3 65. Rxd3 hxg4 66. fxg4 Rxe4 0-1

[Event "EIRCC 2019"]
[Site "Tallinn"]
[Date "2019.12.06"]
[Round "11.24"]
[White "Lazavik, Denis"]
[Black "Potapov, Alexander"]
[Result "1-0"]
[ECO "A80"]
[WhiteElo "2201"]
[BlackElo "2359"]
[Annotator "RC"]
[PlyCount "177"]
[EventDate "2019.12.05"]
[EventType "swiss"]
[EventCountry "EST"]
[SourceTitle "playchess.com"]
[Source "ChessBase"]
[SourceQuality "1"]
[TimeControl "900+10"]

1. d4 f5 2. Nf3 d6 3. g3 Nf6 4. Bg2 g6 5. O-O Bg7 6. b3 O-O 7. Bb2 Ne4 8. Nbd2 Nc6 9. Ne1 Nxd2 10. Qxd2 e5 11. Bd5+ Kh8 12. Bxc6 bxc6 13. dxe5 f4 14. Nf3 Bg4 15. c4 Bxf3 16. exf3 dxe5 17. Qe2 Qf6 18. Rad1 Rad8 19. Kg2 fxg3 20. fxg3 Qf5 21. Qe4 Kg8 22. Ba3 Rfe8 23. Bc5 a6 24. Bf2 Qxe4 25. fxe4 Bf8 26. Kf3 Kf7 27. Ke2 Ke6 28. Rxd8 Rxd8 29. Rd1 Rb8 30. Rd3 h5 31. h3 a5 32. a4 Bb4 33. Be3 Rf8 34. Bg5 Bc5 35. Rf3 Rxf3 36. Kxf3 Bb4 37. Ke2 Kd6 38. Be3 c5 39. Kf3 Ke6 40. Bg5 c6 41. g4 hxg4+ 42. Kxg4 Be1 43. Bd8 Bd2 44. Bb6 Kd6 45. Bd8 Kd7 46. Bh4 Ke6 47. Bf2 Kd6 48. h4 Ke6 49. Bxc5 Kf6 50. Bf2 Ke6 51. Kf3 Kd6 52. Kg3 Ke6 53. Kg4 Kd6 54. Kf3 Bc3 55. Ke2 Bb4 56. Be3 Bc3 57. Kf3 Ke6 58. Kg4 Kf6 59. Bb6 Bd2 60. Bc7 Ke6 61. Bd8 Bc3 62. Kg5 Kf7 63. Bb6 Bd2+ 64. Kg4 Ke6 65. h5 gxh5+ 66. Kxh5 Bb4 67. Be3 Bc3 68. Kg4 Bb4 69. Kf3 Kd6 70. Ke2 Bc3 71. Kd3 Bb4 72. Bh6 Be1 73. Bf8+ Kd7 74. Ba3 Kc7 75. c5 Bf2 76. Bb2 Bxc5 77. Bxe5+ Kd7 78. Kc4 Bb6 79. Bd4 Bc7 80. Kc5 Bd8 81. e5 Be7+ 82. Kb6 Bb4 83. e6+ Kxe6 84. Kxc6 Bd2 85. Bb6 Be1 86. Kb5 Kd7 87. Bxa5 Bh4 88. Ka6 Bf2 89. Kb7 1-0

[Event "EIRCC 2019"]
[Site "Tallinn"]
[Date "2019.12.06"]
[Round "11.26"]
[White "Saveliev, Alexei"]
[Black "Sanal, Vahap"]
[Result "0-1"]
[ECO "C88"]
[WhiteElo "2312"]
[BlackElo "2597"]
[Annotator "ChessBase"]
[PlyCount "56"]
[EventDate "2019.12.05"]
[EventType "swiss"]
[EventCountry "EST"]
[SourceTitle "playchess.com"]
[Source "ChessBase"]
[SourceQuality "1"]
[TimeControl "900+10"]

1. e4 e5 2. Nf3 Nc6 3. Bb5 a6 4. Ba4 Nf6 5. O-O Be7 6. Re1 b5 7. Bb3 O-O 8. a4 Bb7 9. d3 d6 10. c3 Na5 11. Bc2 c5 12. Nbd2 Nc6 13. Nf1 Re8 14. Ng3 g6 15. d4 cxd4 16. cxd4 Nxd4 17. Nxd4 exd4 18. Qxd4 Rc8 19. Bd3 d5 20. axb5 Bc5 21. Qa4 dxe4 22. Be2 Qb6 23. Rf1 a5 24. Bg5 e3 25. fxe3 Bxe3+ 26. Bxe3 Qxe3+ 27. Kh1 Ne4 28. Bf3 Nf2+ 0-1

[Event "EIRCC 2019"]
[Site "Tallinn"]
[Date "2019.12.06"]
[Round "11.27"]
[White "Kukk, Sander"]
[Black "Babula, Vlastimil"]
[Result "0-1"]
[ECO "A01"]
[WhiteElo "2313"]
[BlackElo "2559"]
[Annotator "ChessBase"]
[PlyCount "106"]
[EventDate "2019.12.05"]
[EventType "swiss"]
[EventCountry "EST"]
[SourceTitle "playchess.com"]
[Source "ChessBase"]
[SourceQuality "1"]
[TimeControl "900+10"]

1. b3 e5 2. Bb2 Nc6 3. e3 Nf6 4. Bb5 Bd6 5. Na3 a6 6. Bxc6 dxc6 7. Nc4 Qe7 8. Nxd6+ cxd6 9. h3 c5 10. d3 b5 11. Nf3 Bb7 12. O-O O-O 13. e4 Ne8 14. Nh2 f5 15. f3 Nc7 16. c4 Ne6 17. Bc1 Bc6 18. Be3 a5 19. Qc2 g6 20. Rab1 b4 21. a3 bxa3 22. Ra1 a4 23. Rxa3 axb3 24. Qxb3 Rxa3 25. Qxa3 Ra8 26. Qb2 Qa7 27. Rb1 Kf7 28. Nf1 Ke7 29. Qf2 f4 30. Qh4+ Ke8 31. Bf2 Qe7 32. Qh6 Kd7 33. Nd2 Qg7 34. Qxg7+ Nxg7 35. Kf1 Ne6 36. Ke2 Kc7 37. Rb2 Ra1 38. Nb1 Nd4+ 39. Bxd4 cxd4 40. Kf2 Ba4 41. Ke2 g5 42. Nd2 Bd1+ 43. Kf2 Rc1 44. Ra2 Kb7 45. Rb2+ Kc6 46. c5 Kxc5 47. Rb7 Rc3 48. Ke1 Bc2 49. Rxh7 Bxd3 50. Rc7+ Kb6 51. Rd7 Rc1+ 52. Kf2 Rd1 53. Nb3 Rf1# 0-1

[Event "EIRCC 2019"]
[Site "Tallinn"]
[Date "2019.12.06"]
[Round "11.29"]
[White "Stocek, Jiri"]
[Black "Kiik, Kalle"]
[Result "1-0"]
[ECO "D02"]
[WhiteElo "2532"]
[BlackElo "2295"]
[Annotator "ChessBase"]
[PlyCount "93"]
[EventDate "2019.12.05"]
[EventType "swiss"]
[EventCountry "EST"]
[SourceTitle "playchess.com"]
[Source "ChessBase"]
[SourceQuality "1"]
[TimeControl "900+10"]

1. d4 d5 2. Nf3 c5 3. c4 e6 4. cxd5 exd5 5. Bg5 Be7 6. Bxe7 Nxe7 7. dxc5 Qa5+ 8. Nbd2 Nbc6 9. e3 Qxc5 10. Be2 O-O 11. O-O Bf5 12. a3 Rad8 13. Rc1 Qd6 14. Nb3 Rfe8 15. Nfd4 Bc8 16. Bb5 Qg6 17. Qc2 Qg5 18. Rfe1 Rd6 19. f4 Qh5 20. Be2 Qh6 21. Bf3 Kf8 22. Rcd1 Red8 23. Nxc6 bxc6 24. Nd4 g5 25. g3 g4 26. Bg2 Qh5 27. Rd2 Rh6 28. Bf1 Bf5 29. Qc5 Be4 30. Qxa7 Rhd6 31. Qc5 Qg6 32. a4 h5 33. a5 h4 34. a6 Qh5 35. Bg2 Bf3 36. Rf1 hxg3 37. hxg3 Rh6 38. Nxf3 gxf3 39. Bxf3 Qg6 40. g4 Ke8 41. a7 Kd7 42. Qb6 Rhh8 43. Qb7+ Kd6 44. Rc1 Rc8 45. a8=Q Rxa8 46. Rxc6+ Nxc6 47. Rxd5+ {[%emt 0:00:02] Kxd5} 1-0

[Event "EIRCC 2019"]
[Site "Tallinn"]
[Date "2019.12.06"]
[Round "11.31"]
[White "Martynov, Roman"]
[Black "Loginov, Valery A"]
[Result "1/2-1/2"]
[ECO "E04"]
[WhiteElo "2269"]
[BlackElo "2461"]
[Annotator "ChessBase"]
[PlyCount "95"]
[EventDate "2019.12.05"]
[EventType "swiss"]
[EventCountry "EST"]
[SourceTitle "playchess.com"]
[Source "ChessBase"]
[SourceQuality "1"]
[TimeControl "900+10"]

1. d4 Nf6 2. Nf3 d5 3. c4 e6 4. g3 dxc4 5. Bg2 c5 6. O-O Nc6 7. Qa4 Bd7 8. dxc5 Na5 9. Qc2 Bxc5 10. Ne5 Bb5 11. b4 Bd4 12. Rd1 Bxa1 13. Rxd8+ Rxd8 14. Bb2 Bxb2 15. Qxb2 Nc6 16. Nc3 Nxe5 17. Nxb5 Rd1+ 18. Bf1 Nc6 19. Qc2 Rd7 20. Qxc4 O-O 21. a3 Rfd8 22. f3 Rd1 23. Kf2 Nd5 24. Qb3 Rd2 25. Ke1 Nb6 26. Nc3 Nd4 27. Qb1 Nc2+ 28. Kf2 Nxa3 29. Qa1 Nbc4 30. Ne4 Rc2 31. h4 h6 32. g4 a6 33. g5 hxg5 34. hxg5 Nb5 35. g6 fxg6 36. Nc5 Nc3 37. Nxb7 Rd1 38. Qxa6 Rxf1+ 39. Kxf1 Ne3+ 40. Kg1 Nxe2+ 41. Kf2 Nf5 42. Qxe6+ Kh7 43. Qxe2 Rxe2+ 44. Kxe2 Kh6 45. Nc5 Kg5 46. Kf2 Nd4 47. Ne4+ Kf4 48. Nc5 1/2-1/2

[Event "EIRCC 2019"]
[Site "Tallinn"]
[Date "2019.12.06"]
[Round "11.32"]
[White "Cerveny, Martin"]
[Black "Kanep, Siim"]
[Result "1-0"]
[ECO "D12"]
[WhiteElo "2432"]
[BlackElo "2260"]
[Annotator "NA"]
[PlyCount "67"]
[EventDate "2019.12.05"]
[EventType "swiss"]
[EventCountry "EST"]
[SourceTitle "playchess.com"]
[Source "ChessBase"]
[SourceQuality "1"]
[TimeControl "900+10"]

1. d4 Nf6 2. Nf3 d5 3. c4 c6 4. e3 Bf5 5. cxd5 cxd5 6. Qb3 Bc8 7. Nc3 g6 8. Bb5+ Nc6 9. Ne5 Qd6 10. e4 e6 11. Bf4 Nh5 12. Be3 Bg7 13. Nxc6 bxc6 14. e5 Qd7 15. Be2 Bf8 16. Na4 Ng7 17. Qc3 Rb8 18. a3 Nf5 19. Bg5 Be7 20. f4 Bxg5 21. fxg5 O-O 22. g4 Ng7 23. Nc5 Qe7 24. h4 Ne8 25. O-O-O Nc7 26. Rdf1 Rb6 27. Rf6 Bd7 28. h5 Rfb8 29. b3 Ne8 30. Rhf1 Nxf6 31. gxf6 Qf8 32. g5 Bc8 33. hxg6 fxg6 34. f7+ 1-0

[Event "EIRCC 2019"]
[Site "Tallinn"]
[Date "2019.12.06"]
[Round "11.33"]
[White "Mohr, Georg"]
[Black "Nestor, Kaarel"]
[Result "1-0"]
[ECO "A16"]
[WhiteElo "2424"]
[BlackElo "2255"]
[Annotator "NA"]
[PlyCount "131"]
[EventDate "2019.12.05"]
[EventType "swiss"]
[EventCountry "EST"]
[SourceTitle "playchess.com"]
[Source "ChessBase"]
[SourceQuality "1"]
[TimeControl "900+10"]

1. c4 Nf6 2. Nc3 e5 3. Nf3 d6 4. g3 g6 5. Bg2 Bg7 6. O-O O-O 7. d3 Nc6 8. Rb1 Be6 9. b4 Qc8 10. b5 Nd4 11. Ng5 Bd7 12. e3 Ne6 13. Nf3 c6 14. bxc6 Bxc6 15. Ba3 Rd8 16. e4 b6 17. Nd5 Bxd5 18. exd5 Nc5 19. d4 exd4 20. Nxd4 Qa6 21. Nb5 Rab8 22. Qc2 Ne8 23. Bc1 Qb7 24. Be3 Qd7 25. Nd4 Bxd4 26. Bxd4 Rbc8 27. Ba1 Rc7 28. Rfe1 f6 29. h4 Qf7 30. Qc3 Qg7 31. h5 Nd7 32. Bh3 Ne5 33. Be6+ Kf8 34. Re4 f5 35. Rxe5 dxe5 36. hxg6 hxg6 37. Qe3 Rxc4 38. Bxe5 Nf6 39. Qg5 Ke7 40. Bxf5 Rxd5 41. Bxf6+ Qxf6 42. Re1+ Kf7 43. Bxg6+ Qxg6 44. Re7+ Kf8 45. Qxg6 Kxe7 46. Qg7+ Kd6 47. Qxa7 Rc6 48. Qb8+ Kc5 49. Qf8+ Kb5 50. Kg2 Rdc5 51. g4 Rc4 52. Kg3 R6c5 53. f3 Ka4 54. Qd6 b5 55. Qd1+ Rc2 56. Qb1 b4 57. f4 R5c3+ 58. Kh4 Ka3 59. f5 Rxa2 60. f6 b3 61. Qf5 Rh2+ 62. Kg5 b2 63. f7 Rf2 64. f8=Q+ Kb3 65. Qb5+ Ka2 66. Qxf2 1-0

[Event "EIRCC 2019"]
[Site "Tallinn"]
[Date "2019.12.06"]
[Round "11.35"]
[White "Van Foreest, Lucas"]
[Black "Haitin, Ilja"]
[Result "1-0"]
[ECO "B01"]
[WhiteElo "2399"]
[BlackElo "2232"]
[Annotator "NA"]
[PlyCount "25"]
[EventDate "2019.12.05"]
[EventType "swiss"]
[EventCountry "EST"]
[SourceTitle "playchess.com"]
[Source "ChessBase"]
[SourceQuality "1"]
[TimeControl "900+10"]

1. e4 d5 2. exd5 Qxd5 3. Nc3 Qd6 4. d4 Nf6 5. Nf3 c6 6. Bc4 Bf5 7. Ne5 Bg6 8. Bf4 Qb4 9. a3 Qxb2 10. Na4 Qxc2 11. Bxf7+ Kd8 12. Bxg6 Qxd1+ 13. Rxd1 1-0

[Event "EIRCC 2019"]
[Site "Tallinn"]
[Date "2019.12.06"]
[Round "11.36"]
[White "Khakimov, Timur"]
[Black "Kourousis, Epaminondas"]
[Result "1/2-1/2"]
[ECO "A46"]
[WhiteElo "2253"]
[BlackElo "2392"]
[Annotator "NA"]
[PlyCount "97"]
[EventDate "2019.12.05"]
[EventType "swiss"]
[EventCountry "EST"]
[SourceTitle "playchess.com"]
[Source "ChessBase"]
[SourceQuality "1"]
[TimeControl "900+10"]

1. d4 Nf6 2. Bg5 e6 3. Nf3 c5 4. e3 b6 5. d5 h6 6. Bxf6 Qxf6 7. Nc3 a6 8. a4 Qd8 9. e4 d6 10. dxe6 Bxe6 11. Nd5 Be7 12. Bc4 O-O 13. O-O Nd7 14. Qd3 Nf6 15. Rad1 Nxd5 16. Bxd5 Bxd5 17. Qxd5 Qc7 18. Rfe1 Rfd8 19. c3 Bf6 20. g3 b5 21. Ra1 b4 22. cxb4 Bxb2 23. Rab1 Bf6 24. b5 axb5 25. axb5 Rab8 26. Nd2 Bc3 27. Red1 Bxd2 28. Rxd2 Re8 29. Qc4 Rb6 30. Rd5 Qb7 31. Rb3 Rb8 32. e5 Rxb5 33. Rxb5 Qxb5 34. Qxb5 Rxb5 35. exd6 Rb8 36. Rxc5 Rd8 37. Rc6 f6 38. Kg2 Kf7 39. Rc7+ Kf8 40. Rc6 Kf7 41. Kf3 Ke6 42. Rc7 Rd7 43. Kf4 Kxd6 44. Rxd7+ Kxd7 45. Kf5 Ke7 46. Kg6 Kf8 47. g4 Kg8 48. h4 Kf8 49. g5 1/2-1/2

[Event "EIRCC 2019"]
[Site "Tallinn"]
[Date "2019.12.06"]
[Round "12.2"]
[White "Kulaots, Kaido"]
[Black "Riazantsev, Alexander"]
[Result "0-1"]
[ECO "B12"]
[WhiteElo "2544"]
[BlackElo "2594"]
[Annotator "ChessBase"]
[PlyCount "62"]
[EventDate "2019.12.05"]
[EventType "swiss"]
[EventCountry "EST"]
[SourceTitle "playchess.com"]
[Source "ChessBase"]
[SourceQuality "1"]
[TimeControl "900+10"]

1. e4 c6 2. d4 d5 3. e5 c5 4. c4 cxd4 5. Nf3 e6 6. Nxd4 a6 7. Nc3 Ne7 8. Be3 Nbc6 9. Nxc6 bxc6 10. Bc5 Ng6 11. Bxf8 Rxf8 12. Qa4 Bd7 13. O-O-O Qg5+ 14. Kb1 Nxe5 15. Ka1 Qf4 16. f3 f6 17. Be2 Qe3 18. Rhe1 Rb8 19. Qc2 Kf7 20. g3 Nxf3 21. Rf1 Nd4 22. Qxh7 Nxe2 23. Qh5+ Kg8 24. Nxe2 e5 25. Nc3 Be6 26. cxd5 cxd5 27. Nxd5 Bxd5 28. Rxd5 Rxb2 29. Rxe5 Qc3 30. Rc5 Rb1+ 31. Kxb1 Rb8+ 0-1

[Event "EIRCC 2019"]
[Site "Tallinn"]
[Date "2019.12.06"]
[Round "12.3"]
[White "Sargissian, Gabriel"]
[Black "Andriasian, Zaven"]
[Result "1-0"]
[ECO "D11"]
[WhiteElo "2715"]
[BlackElo "2633"]
[Annotator "ChessBase"]
[PlyCount "75"]
[EventDate "2019.12.05"]
[EventType "swiss"]
[EventCountry "EST"]
[SourceTitle "playchess.com"]
[Source "ChessBase"]
[SourceQuality "1"]
[TimeControl "900+10"]

1. d4 d5 2. c4 c6 3. Nf3 Nf6 4. e3 Bg4 5. h3 Bxf3 6. Qxf3 e6 7. a3 Nbd7 8. Nc3 Bd6 9. g4 O-O 10. g5 Ne8 11. h4 f5 12. Bd2 Qe7 13. O-O-O Bc7 14. Bd3 Nd6 15. Qe2 dxc4 16. Bxc4 Nxc4 17. Qxc4 Nb6 18. Qb3 Bd6 19. f3 Nd5 20. e4 fxe4 21. fxe4 Nxc3 22. Bxc3 Qd7 23. g6 h6 24. Rhf1 Rxf1 25. Rxf1 Rf8 26. Rxf8+ Bxf8 27. Qd1 Be7 28. h5 Bd6 29. Qf3 Qe8 30. d5 cxd5 31. exd5 e5 32. Qf5 b6 33. Kd2 a5 34. a4 Bc7 35. Ke3 Bd6 36. Qe6+ Qxe6 37. dxe6 Kf8 38. Ke4 1-0

[Event "EIRCC 2019"]
[Site "Tallinn"]
[Date "2019.12.06"]
[Round "12.4"]
[White "Yuffa, Daniil"]
[Black "Guseinov, Gadir"]
[Result "0-1"]
[ECO "E91"]
[WhiteElo "2587"]
[BlackElo "2691"]
[Annotator "ChessBase"]
[PlyCount "98"]
[EventDate "2019.12.05"]
[EventType "swiss"]
[EventCountry "EST"]
[SourceTitle "playchess.com"]
[Source "ChessBase"]
[SourceQuality "1"]
[TimeControl "900+10"]

1. d4 Nf6 2. c4 g6 3. Nc3 Bg7 4. e4 d6 5. Nf3 O-O 6. Be2 c5 7. O-O cxd4 8. Nxd4 Nc6 9. Be3 Bd7 10. Qd2 Nxd4 11. Bxd4 Bc6 12. Qc2 a5 13. Rad1 a4 14. c5 Qa5 15. cxd6 exd6 16. a3 Rac8 17. f3 Rfe8 18. Qd2 d5 19. Nxd5 Qxd2 20. Nxf6+ Bxf6 21. Rxd2 Red8 22. Be3 Rxd2 23. Bxd2 Bxb2 24. Bb4 Bd7 25. Rd1 Be6 26. Bb5 Bb3 27. Rd7 g5 28. Rxb7 h5 29. Bd3 Bd4+ 30. Kf1 Rc1+ 31. Ke2 Rg1 32. Rb8+ Kg7 33. Rd8 Rxg2+ 34. Kf1 Rg1+ 35. Ke2 Be5 36. Bf8+ Kf6 37. Re8 Be6 38. Be7+ Kg7 39. Kf2 Bd4+ 40. Ke2 Rg2+ 41. Ke1 Be5 42. Bf8+ Kh7 43. Be7 h4 44. Bd6 Bc3+ 45. Kf1 Rd2 46. Be7 Bh3+ 47. Ke1 Rxd3+ 48. Ke2 Rd2+ 49. Ke3 Rxh2 0-1

[Event "EIRCC 2019"]
[Site "Tallinn"]
[Date "2019.12.06"]
[Round "12.6"]
[White "Lysyj, Igor"]
[Black "Saric, Ante"]
[Result "1-0"]
[ECO "E16"]
[WhiteElo "2599"]
[BlackElo "2538"]
[Annotator "ChessBase"]
[PlyCount "107"]
[EventDate "2019.12.05"]
[EventType "swiss"]
[EventCountry "EST"]
[SourceTitle "playchess.com"]
[Source "ChessBase"]
[SourceQuality "1"]
[TimeControl "900+10"]

1. d4 Nf6 2. c4 e6 3. Nf3 b6 4. g3 Bb7 5. Bg2 Bb4+ 6. Bd2 Be7 7. O-O c6 8. Nc3 d5 9. Qb3 O-O 10. Bf4 Nbd7 11. cxd5 cxd5 12. Rfc1 Nh5 13. Bd2 Nhf6 14. a4 a6 15. a5 b5 16. Na2 Ne4 17. Bb4 Nd6 18. Qa3 Nb8 19. Bc5 Nc6 20. Nb4 Rc8 21. Nxc6 Rxc6 22. Ne5 Rc8 23. e3 f6 24. Nd3 Rf7 25. b3 Ne4 26. Bxe7 Rxe7 27. Rxc8 Bxc8 28. Rc1 Rc7 29. Rxc7 Qxc7 30. Bxe4 dxe4 31. Nc5 Qc6 32. h4 h6 33. Qb2 e5 34. b4 Qd5 35. dxe5 Qd1+ 36. Kh2 fxe5 37. Qb3+ Qxb3 38. Nxb3 Kf7 39. Nc5 Ke7 40. Nxe4 Ke6 41. Nc3 Bb7 42. e4 g5 43. f3 Kf6 44. Kg2 Kg6 45. Nd1 g4 46. Nf2 gxf3+ 47. Kxf3 h5 48. g4 hxg4+ 49. Nxg4 Kh5 50. Nxe5 Kxh4 51. Kf4 Kh5 52. Nd7 Kg6 53. Nc5 Bc8 54. Ke5 1-0

[Event "EIRCC 2019"]
[Site "Tallinn"]
[Date "2019.12.06"]
[Round "12.7"]
[White "Esipenko, Andrey"]
[Black "Nguyen, Thai Dai Van"]
[Result "1-0"]
[ECO "E06"]
[WhiteElo "2590"]
[BlackElo "2364"]
[Annotator "ChessBase"]
[PlyCount "101"]
[EventDate "2019.12.05"]
[EventType "swiss"]
[EventCountry "EST"]
[SourceTitle "playchess.com"]
[Source "ChessBase"]
[SourceQuality "1"]
[TimeControl "900+10"]

1. d4 Nf6 2. c4 e6 3. Nf3 d5 4. g3 Be7 5. Bg2 O-O 6. O-O dxc4 7. Qc2 b5 8. a4 b4 9. Nfd2 Nd5 10. Nxc4 c5 11. dxc5 Ba6 12. e4 Nf6 13. Rd1 Nbd7 14. b3 Bxc5 15. Be3 Bxc4 16. Qxc4 Bxe3 17. fxe3 Qb6 18. Qd4 Nc5 19. a5 Qc7 20. Qxb4 Rab8 21. Qc4 Qe5 22. Nd2 Qg5 23. Re1 Ncd7 24. Qd4 a6 25. Nf3 Qb5 26. Bf1 Qb7 27. Rad1 e5 28. Nxe5 Nxe5 29. Qxe5 Rfe8 30. Qd6 Nxe4 31. Qxa6 Qxb3 32. Qc4 Qa3 33. a6 Ng5 34. Bg2 Qe7 35. Qd4 Ne6 36. Qd7 Nc5 37. Qxe7 Rxe7 38. Rd6 Ra7 39. Bf1 g6 40. Rc1 Ne4 41. Rdc6 Rba8 42. Bg2 f5 43. Bxe4 fxe4 44. Rc8+ Rxc8 45. Rxc8+ Kg7 46. Rc6 Kh6 47. Kg2 Kg5 48. Rc5+ Kf6 49. Ra5 Ke6 50. g4 g5 51. h4 {[%emt 0:00:18] Kd5} 1-0

[Event "EIRCC 2019"]
[Site "Tallinn"]
[Date "2019.12.06"]
[Round "12.9"]
[White "Aleksandrov, Aleksej"]
[Black "Seeman, Tarvo"]
[Result "1-0"]
[ECO "E71"]
[WhiteElo "2576"]
[BlackElo "2325"]
[Annotator "ChessBase"]
[PlyCount "69"]
[EventDate "2019.12.05"]
[EventType "swiss"]
[EventCountry "EST"]
[SourceTitle "playchess.com"]
[Source "ChessBase"]
[SourceQuality "1"]
[TimeControl "900+10"]

1. d4 Nf6 2. c4 g6 3. Nc3 Bg7 4. e4 d6 5. h3 O-O 6. Be3 Na6 7. Nf3 e5 8. d5 Nh5 9. a3 c5 10. g3 Qe7 11. Nd2 Bd7 12. Be2 Nf6 13. g4 Rab8 14. h4 Ne8 15. h5 Bf6 16. Nf1 Bg5 17. Qd2 Bxe3 18. Qxe3 Qf6 19. Qh6 g5 20. Qxf6 Nxf6 21. Ne3 h6 22. Kd2 Rfc8 23. Rhb1 Kf8 24. b4 Ke7 25. f3 Ne8 26. Bd1 Kd8 27. Ba4 Bxa4 28. Nxa4 Ng7 29. b5 Nc7 30. b6 axb6 31. Nxb6 Na6 32. Nxc8 Kxc8 33. Rb6 Kc7 34. Rab1 f6 35. R1b5 1-0

[Event "EIRCC 2019"]
[Site "Tallinn"]
[Date "2019.12.06"]
[Round "12.10"]
[White "Stupak, Kirill"]
[Black "Studer, Noel"]
[Result "1-0"]
[ECO "D02"]
[WhiteElo "2552"]
[BlackElo "2405"]
[Annotator "ChessBase"]
[PlyCount "45"]
[EventDate "2019.12.05"]
[EventType "swiss"]
[EventCountry "EST"]
[SourceTitle "playchess.com"]
[Source "ChessBase"]
[SourceQuality "1"]
[TimeControl "900+10"]

1. d4 d5 2. Nf3 Nf6 3. g3 c5 4. c4 dxc4 5. Qa4+ Nc6 6. dxc5 e6 7. Qxc4 Qa5+ 8. Nc3 Qxc5 9. Qa4 Bd7 10. Bg2 Nb4 11. Qb3 Bc6 12. a3 Nbd5 13. Ne5 Nxc3 14. Nxc6 bxc6 15. Be3 Qd6 16. Qb7 Rd8 17. Bxc6+ Nd7 18. bxc3 Qe5 19. O-O Bd6 20. Bf4 Qc5 21. Bxd6 Qxd6 22. Rfd1 Qe7 23. Rxd7 1-0